 Dungeon Crawl Stone Soup version 0.31-a0-700-gf13585253f (webtiles) character file.

Game seed: 14768364798854464171

60 subawu the Trooper (level 3, 0/29 HPs)
             Began as a Demonspawn Chaos Knight on Sept 7, 2023.
             Was a Plaything of Xom.
             Slain by a hobgoblin (4 damage)
             ... on level 2 of the Dungeon.
             The game lasted 00:03:44 (859 turns).

subawu the Trooper (Demonspawn Chaos Knight)         Turns: 859, Time: 00:03:44

Health: 0/29       AC:  7    Str: 14    XL:     3   Next: 82%
Magic:  3/3        EV: 11    Int: 13    God:    Xom [*.....]
Gold:   153        SH:  0    Dex: 12    Spells: 2/2 levels left

rFire   . . .        a - +0 mace (chaos)
rCold   . . .        (no shield)
rNeg    . . .        b - +2 leather armour
rPois   .            (no helmet)
rElec   .            (no cloak)
rCorr   .            (no gloves)
SInv    .            (no boots)
Will    .....        (no amulet)
Stlth   +            (no ring)
HPRegen 0.24/turn    (no ring)
MPRegen 0.08/turn

%: no passive effects
@: no status effects
A: thin metallic scales 1, demonic guardian 1
a: Renounce Religion


You were on level 2 of the Dungeon.
You worshipped Xom.
You were a special plaything of Xom.
You visited 1 branch of the dungeon, and saw 2 of its levels.

You collected 153 gold pieces.

Inventory:

Hand Weapons
 a - a +0 mace of chaos (weapon)
Armour
 b - a +2 leather armour (worn)
Scrolls
 c - a scroll of butterflies
 e - 2 scrolls of fear
 i - a scroll of enchant armour
Potions
 d - a potion of cancellation {unknown}
 g - a potion of resistance {unknown}
 h - a potion of lignification {unknown}


   Skills:
 + Level 3.6 Fighting
 + Level 3.5 Maces & Flails
 + Level 1.9 Armour
 + Level 1.5 Dodging


You had 2 spell levels left.
You didn't know any spells.
Your spell library contained the following spells:

 Spells                   Type           Power      Damage    Failure   Level
 Ensorcelled Hibernation  Hex/Ice        0%         N/A       50%         2
 Jinxbite                 Hex            0%         N/A       50%         2
 Gell's Gravitas          Tloc           0%         N/A       75%         3
 Teleport Other           Tloc           0%         N/A       75%         3
 Anguish                  Hex/Necr       0%         N/A       98%         4
 Dispersal                Tloc           0%         N/A       100%        6


Dungeon Overview and Level Annotations

Branches:
Dungeon (2/15)

Altars:

Annotations:
D:2 Natasha


Innate Abilities, Weirdness & Mutations

You are partially covered in thin metallic scales. (AC +2)
A weak demonic guardian rushes to your aid.


Message History

You kill the rat!
The hobgoblin completely misses you.
Your iron imp barely misses the kobold.
The kobold hits you with a +0 whip.
* * * LOW HITPOINT WARNING * * *
The worm bites you but does no damage. The hobgoblin barely misses you.
Your iron imp disappears in a puff of smoke!
The kobold barely misses you. The hobgoblin closely misses you.
You see here a rat corpse.
You hit the goblin.
The goblin is moderately wounded.
The kobold completely misses you. The worm misses you.
The goblin closely misses you.
The hobgoblin hits you but does no damage.
You hit the goblin. You freeze the goblin.
You kill the goblin!
The kobold hits you but does no damage.
The hobgoblin hits you but does no damage.
The worm barely misses you. The kobold hits you but does no damage.
The hobgoblin closely misses you. The kobold hits you with a +0 dagger.
* * * LOW HITPOINT WARNING * * *
A demonic guardian appears!
The kobold closely misses you.
You see here a +0 club.
The kobold misses you.
The hobgoblin attacks as it pursues you!
The hobgoblin barely misses you.
Your quasit barely misses the kobold.
Your quasit claws the kobold.
Your quasit closely misses the kobold.
The kobold completely misses your quasit.
Your quasit bites the kobold.
Your quasit claws the kobold but does no damage.
Your quasit claws the kobold.
The kobold dies!
The hobgoblin attacks as it pursues you!
The hobgoblin closely misses you. The kobold attacks as it pursues you!
The kobold hits you but does no damage.
You barely miss the hobgoblin.
Your quasit bites the hobgoblin.
Your quasit closely misses the hobgoblin.
Your quasit completely misses the hobgoblin.
The hobgoblin hits you.
You die... "Boring in life, boring in death..."

.~~~..~....## #........ ..
~≈~≈~~≈~~≈≈≈# #........ ...
~~.~~~.≈~≈≈≈ #......###...
...~~.~~~..####............
..~....~..................
.........................
...........K....†....########
#.†w.g@................
#..)5..................
......)...................
..........######.##........
...........# #.##........
............. ......#.......
...........#...##.#.#'######
...........#...##+#.....###.
..#..........#.


You could see a worm, a hobgoblin (ally target), a kobold and a friendly quasit
(summoned).

Vanquished Creatures
  A gnoll (D:1)
  2 adders (D:2)
  A dart slug (D:1)
  3 ball pythons
  4 endoplasms
  3 giant cockroaches
  2 goblins
  A jackal (D:1)
  3 kobolds (D:1)
  2 quokkas (D:1)
  5 rats
27 creatures vanquished.

Vanquished Creatures (collateral kills)
  2 kobolds (D:2)
  A rat (D:2)
3 creatures vanquished.

Vanquished Creatures (others)
  A rat zombie (D:1)
1 creature vanquished.

Grand Total: 31 creatures vanquished

Notes
Turn   | Place    | Note
-------+----------+-------------------------------------------
     0 | D:1      | subawu the Demonspawn Chaos Knight began the quest for the
                  | Orb.
     0 | D:1      | Reached XP level 1. HP: 18/18 MP: 1/1
    31 | D:1      | XOM: potion effect (attraction)
    46 | D:1      | XOM: silly message
   126 | D:1      | Reached skill level 1 in Dodging
   182 | D:1      | Gained mutation: A weak demonic guardian rushes to your
                  | aid. [demonic ancestry]
   182 | D:1      | Reached XP level 2. HP: 20/24 MP: 2/2
   376 | D:1      | Gained mutation: You are partially covered in thin metallic
                  | scales. (AC +2) [demonic ancestry]
   376 | D:1      | Reached XP level 3. HP: 27/29 MP: 3/3
   414 | D:1      | XOM: silly message
   790 | D:2      | Noticed Natasha
   791 | D:2      | XOM: smoke on damage
   792 | D:2      | Natasha changed into Natasha the steam dragon
   792 | D:2      | Noticed Natasha
   792 | D:2      | XOM: polymorph Natasha -> Natasha the steam dragon
   814 | D:2      | XOM: summons 2 hostile demons
   859 | D:2      | Slain by a hobgoblin

Illustrated notes

Levels and vault maps discovered:
D:1:      tarquinn_simple_flora_water_b, layout_rooms,
          hangedman_decor_clover_reticule, minmay_gold_behind_fungi,
          minmay_close_crescents
D:2:      layout_basic, basic_altar, hellmonk_ecumenical_altar_lost_god,
          chequers_serial_rivers_small_3, guppyfry_early_orc_mine, uniq_terence,
          uniq_natasha

Skill      XL: |  1 |
---------------+----+-----
Dodging        | 1 |  1.5
Maces & Flails | 3 |  3.5
Fighting       | |  3.6
Armour         | |  1.9

Action                     || total
---------------------------++-------
  Melee: Mace              ||    71
    Use: Scroll            ||     3
 Armour: Leather armour    ||   108
  Dodge: Dodged            ||   127

Table legend: (Time is in decaauts)
 A = Elapsed time spent in this place.
 B = Non-inter-level travel time spent in this place.
 C = Inter-level travel time spent in this place.
 D = Time resting spent in this place.
 E = Time spent auto-exploring this place.
 F = Levels seen in this place.
 G = Mean time per level.
                   A        B        C        D        E       F      G
               +--------+--------+--------+--------+--------+-----+--------+
         Total |    878 |    878 |      0 |      0 |    433 |   2 |  439.0 |
       Dungeon |    878 |    878 |      0 |      0 |    433 |   2 |  439.0 |
               +--------+--------+--------+--------+--------+-----+--------+

Top non-repeatable levels by time:
     D:1: 720 daAuts
     D:2: 157 daAuts
